AoeStats
← | ArCas | Toruk Makto

QS Arena

503755962Analyzed
4v4 RM · 1mo ago on Sep 2, 2026· 55m 3s· 8 players
Game mode
Random Map
Map size
Large (8 player)
Population
200
Speed
Normal
Resources
Standard
Victory
Conquest
Starting age
Dark Age
Ending age
Imperial Age
RankedLock teamsTeams togetherTeam positionsShared explorationLock speedFull tech treeHidden civsTurbo modeCheats
Victory
Defeat
🇨🇦 Lithuanians · Canada
1466
+11
🇺🇸 Mapuche · United States
1408
+13
🇺🇸 Persians · United States
1252
+20
🇮🇳 Mongols · India
1164
+24
🇨🇳 Britons · China
1378
-19
🇦🇷 Malay · Argentina
1352
-17
🇩🇪 Italians · Germany
1344
-17
🇺🇸 Bohemians · United States
1329
-16
Jafarr
8:21 Feudal Age
12:18 Castle Age
11:06 Double-Bit Axe
11:03 Horse Collar
13:32 Heavy Plow
13:49 Bow Saw
19:29 Wheelbarrow
21:29 Hand Cart
21:19 Loom
26:13 Imperial Age
24:00 Scale Mail Armor
24:10 Forging
23:59 Pikeman
24:30 Town Watch
25:02 Squires
26:36 Chemistry
25:54 Chain Mail Armor
26:20 Halberdier
27:14 Forging
27:34 Plate Mail Armor
27:50 Houfnice
28:54 Wagenburg Tactics
31:28 Iron Casting
31:21 Siege Engineers
31:38 Ballistics
34:06 Conscription
33:54 Fletching
34:04 Padded Archer Armor
35:05 Blast Furnace
33:42 Heavy Scorpion
34:49 Bodkin Arrow
35:08 Arson
39:32 Murder Holes
39:48 Masonry
41:58 Bracer
N
7:37 Feudal Age
11:31 Castle Age
9:45 Double-Bit Axe
10:25 Horse Collar
15:10 Loom
18:41 Bow Saw
23:55 Wheelbarrow
23:05 Town Watch
27:46 Imperial Age
25:12 Fletching
25:22 Padded Archer Armor
26:08 Fortified Wall
26:08 Masonry
26:32 Hand Cart
26:12 Gold Mining
26:25 Heavy Plow
26:48 Bodkin Arrow
27:52 Ballistics
29:32 Chemistry
28:43 Bracer
29:26 Leather Archer Armor
29:44 Architecture
28:55 Treadmill Crane
34:54 Murder Holes
36:02 Two-Man Saw
35:33 Crop Rotation
35:39 Pirotechnia
36:10 Ring Archer Armor
37:38 Light Cavalry
38:29 Bloodlines
38:19 Husbandry
39:10 Hoardings
38:51 Thumb Ring
39:15 Scale Barding Armor
39:21 Forging
44:39 Chain Barding Armor
44:55 Iron Casting
44:38 Hussar
45:57 Plate Barding Armor
46:18 Conscription
47:47 Blast Furnace
48:19 Silk Road
49:10 Elite Genoese Crossbowman
黑洞
8:07 Feudal Age
12:32 Castle Age
10:58 Double-Bit Axe
11:01 Horse Collar
13:10 Loom
20:53 Gold Mining
22:14 Wheelbarrow
21:53 Stone Mining
26:39 Imperial Age
24:09 Fletching
24:41 Padded Archer Armor
24:48 Bodkin Arrow
25:38 Ballistics
26:10 Leather Archer Armor
27:07 Hand Cart
27:27 Bracer
28:29 Chemistry
27:29 Elite Longbowman
28:57 Gold Shaft Mining
30:25 Ring Archer Armor
32:47 Yeomen
35:51 Forging
35:41 Scale Mail Armor
39:08 Pikeman
39:49 Squires
39:38 Arson
44:12 Conscription
44:05 Town Watch
44:20 Halberdier
45:16 Chain Mail Armor
45:36 Iron Casting
| ArCas | Toruk Makto
10:08 Feudal Age
13:29 Castle Age
11:36 Double-Bit Axe
11:45 Horse Collar
12:49 Loom
22:42 Imperial Age
20:46 Forging
21:50 Wheelbarrow
21:24 Fletching
25:16 Masonry
31:15 Heavy Plow
31:30 Bow Saw
31:46 Conscription
31:41 Town Watch
34:30 Bodkin Arrow
34:58 Ballistics
34:25 Crossbowman
37:06 Iron Casting
36:39 Gold Mining
37:08 Pikeman
37:48 Squires
38:52 Halberdier
39:38 Padded Archer Armor
40:20 Gold Shaft Mining
41:46 Blast Furnace
42:20 Chemistry
41:18 Murder Holes
42:32 Hand Cart
41:51 Elite Skirmisher
42:45 Bracer
46:07 Treadmill Crane
49:53 Town Patrol
BoomPichak
7:47 Feudal Age
12:07 Castle Age
10:45 Double-Bit Axe
11:06 Horse Collar
13:21 Bow Saw
13:29 Heavy Plow
14:45 Wheelbarrow
18:05 Loom
18:25 Town Watch
19:18 Hand Cart
20:24 Fletching
21:58 Bodkin Arrow
28:16 Imperial Age
27:40 Ballistics
29:45 Bracer
29:45 Padded Archer Armor
29:12 Elite Mangudai
30:14 Conscription
30:59 Hoardings
31:04 Capped Ram
32:07 Bloodlines
31:58 Husbandry
32:33 Parthian Tactics
32:14 Thumb Ring
33:22 Chemistry
34:15 Siege Engineers
34:21 Masonry
34:11 Sappers
35:02 Drill
34:24 Siege Ram
41:21 Light Cavalry
44:34 Hussar
47:39 Scale Barding Armor
47:44 Forging
47:52 Leather Archer Armor
47:43 Scale Barding Armor
47:49 Forging
50:26 Chain Barding Armor
MrGodly0708
8:10 Feudal Age
11:57 Castle Age
10:23 Double-Bit Axe
10:18 Horse Collar
10:35 Horse Collar
12:54 Bow Saw
12:44 Heavy Plow
18:31 Wheelbarrow
18:41 Loom
19:31 Hand Cart
22:01 Stone Mining
22:02 Gold Mining
25:36 Imperial Age
24:25 Stone Shaft Mining
24:26 Gold Shaft Mining
23:55 Champi Runner
24:37 Scale Mail Armor
24:48 Forging
24:35 Champi Warrior
26:30 Chain Mail Armor
26:50 Iron Casting
25:38 Elite Champi Warrior
26:03 Arson
26:16 Town Watch
27:04 Butalmapu
28:12 Plate Mail Armor
30:03 Blast Furnace
31:34 Crop Rotation
30:25 Elite Skirmisher
31:46 Fletching
31:56 Padded Archer Armor
33:13 Chemistry
33:38 Ballistics
33:16 Bodkin Arrow
33:37 Leather Archer Armor
34:54 Conscription
35:48 Malon
37:33 Ring Archer Armor
43:30 Caravan
VIT | Hera
8:44 Feudal Age
9:23 Double-Bit Axe
12:21 Castle Age
10:29 Horse Collar
13:12 Husbandry
14:37 Bow Saw
19:03 Wheelbarrow
21:09 Hand Cart
22:03 Heavy Plow
27:15 Imperial Age
24:31 Loom
25:15 Bloodlines
25:46 Stone Mining
25:46 Gold Mining
25:43 Town Watch
26:59 Scale Barding Armor
27:05 Forging
28:20 Chain Barding Armor
30:08 Plate Barding Armor
30:08 Iron Casting
30:09 Coinage
30:45 Two-Man Saw
30:18 Crop Rotation
31:40 Banking
31:24 Treadmill Crane
32:08 Ballistics
32:48 Chemistry
32:00 Masonry
31:50 Elite Leitis
33:58 Conscription
34:13 Hoardings
37:07 Fletching
37:49 Architecture
38:51 Bodkin Arrow
39:16 Bombard Tower
39:15 Herbal Medicine
40:52 Bracer
41:45 Padded Archer Armor
42:44 Tower Shields
43:34 Caravan
43:13 Elite Skirmisher
44:09 Leather Archer Armor
44:07 Murder Holes
45:32 Ring Archer Armor
54:51 Guilds
55:16 Bombard Tower
TeKarino
4:32 Loom
8:19 Feudal Age
9:02 Feudal Age
10:29 Loom
13:04 Castle Age
12:03 Double-Bit Axe
11:58 Horse Collar
12:44 Gold Mining
18:43 Fletching
21:57 Bodkin Arrow
24:53 Padded Archer Armor
25:46 Wheelbarrow
31:59 Hand Cart
35:37 Padded Archer Armor
37:22 Ballistics
49:07 Imperial Age
47:17 Town Watch
47:55 Caravan
Connection lost

Rejoining the realm…

Still unreachable

The connection could not be restored.

Session expired

The server has moved on; the page needs a fresh start.